3AA
BETHESDA ATOMS @ VIRGINIA BEACH DEUCES
08/09/2031
 
TOP OF THE 1ST
Bethesda Atoms batting - Pitching for Virginia Beach Deuces : RHP Wu-shiun Lao
Pitching: RHP Wu-shiun Lao
Batting: RHB Héctor Amador 0-0: Called Strike
0-1: Ball
1-1: Swinging Strike
1-2: Strikes out swinging
Batting: RHB Jorge Cortéz 0-0: Ball
1-0: Fly out, F8 (Flyball, 8RM)
Batting: SHB Pedro Ortega 0-0: Called Strike
0-1: Ball
1-1: Ground out 4-3 (Groundball, 4)
Top of the 1st over - 0 runs, 0 hits, 0 errors, 0 left on base; Bethesda 0 - Virginia Beach 0
BOTTOM OF THE 1ST
Virginia Beach Deuces batting - Pitching for Bethesda Atoms : LHP Manuel Ceja
Pitching: LHP Manuel Ceja
Batting: RHB Luis Díaz 0-0: Ball
1-0: Ball
2-0: Ball
3-0: Called Strike
3-1: Base on Balls
Batting: RHB Alejandro Bracamonte 0-0: Foul Ball, location: 2F
0-1: Ball
1-1: Ball
2-1: Ball
3-1: Base on Balls
Luis Díaz to second
Batting: RHB James Hill 0-0: Called Strike
0-1: Foul Ball, location: 2F
0-2: Ground out 5-3 (Groundball, 56S)
Luis Díaz to third
Alejandro Bracamonte to second
Batting: RHB Jack Bonner 0-0: Ball
1-0: Foul Ball, location: 2F
1-1: Ball
2-1: Ball
3-1: Swinging Strike
3-2: Strikes out swinging
Batting: SHB Juan Perales 0-0: Ball
1-0: Fly out, F4 (Popup, 34S)
Bottom of the 1st over - 0 runs, 0 hits, 0 errors, 2 left on base; Bethesda 0 - Virginia Beach 0
TOP OF THE 2ND
Bethesda Atoms batting - Pitching for Virginia Beach Deuces : RHP Wu-shiun Lao
Batting: LHB Rob Rodríguez 0-0: Ball
1-0: Called Strike
1-1: Ball
2-1: Ball
3-1: Base on Balls
Batting: RHB Andrés López 0-0: Ball
1-0: Swinging Strike
1-1: Ball
2-1: Ball
3-1: Foul Ball, location: 2F
3-2: Strikes out swinging
Batting: SHB Pat Sargent 0-0: Grounds into double play, 6-4-3 (Groundball, 6)
Top of the 2nd over - 0 runs, 0 hits, 0 errors, 0 left on base; Bethesda 0 - Virginia Beach 0
BOTTOM OF THE 2ND
Virginia Beach Deuces batting - Pitching for Bethesda Atoms : LHP Manuel Ceja
Batting: RHB Robert Emmet Odlum 0-0: Foul Ball, location: 2F
0-1: Ball
1-1: Ground out 6-3 (Groundball, 6)
Batting: SHB Iikka Karpinen 0-0: Called Strike
0-1: Ball
1-1: Ball
2-1: Ground out 6-3 (Groundball, 56)
Batting: RHB Jurg Dansen 0-0: Ball
1-0: Ball
2-0: Called Strike
2-1: Fly out, F7 (Flyball, 78M)
Bottom of the 2nd over - 0 runs, 0 hits, 0 errors, 0 left on base; Bethesda 0 - Virginia Beach 0
TOP OF THE 3RD
Bethesda Atoms batting - Pitching for Virginia Beach Deuces : RHP Wu-shiun Lao
Batting: RHB Diego Romero 0-0: Fly out, F8 (Flyball, 8LD)
Batting: RHB Maurice Tremain 0-0: Ball
1-0: Ball
2-0: Called Strike
2-1: Swinging Strike
2-2: Ball
3-2: Foul Ball, location: 2F
3-2: Foul Ball, location: 2F
3-2: Strikes out looking
Batting: RHB José Luna 0-0: Ball
1-0: Fly out, F8 (Flyball, 8RM)
Top of the 3rd over - 0 runs, 0 hits, 0 errors, 0 left on base; Bethesda 0 - Virginia Beach 0
BOTTOM OF THE 3RD
Virginia Beach Deuces batting - Pitching for Bethesda Atoms : LHP Manuel Ceja
Batting: RHB Ricardo Rivera 0-0: Ball
1-0: Ball
2-0: Ground out 6-3 (Groundball, 6)
Batting: RHB Luis Díaz 0-0: Foul Ball, location: 2F
0-1: Ball
1-1: Ball
2-1: Ball
3-1: Reached on error, E3 (Groundball, 34S)
Batting: RHB Alejandro Bracamonte 0-0: Foul Ball, location: 2F
0-1: Ball
1-1: Ball
2-1: Called Strike
2-2: Strikes out swinging
Batting: RHB James Hill 0-0: Foul Ball, location: 2F
0-1: Ball
1-1: Fly out, F9 (Flyball, 9S)
Bottom of the 3rd over - 0 runs, 0 hits, 1 error, 1 left on base; Bethesda 0 - Virginia Beach 0
TOP OF THE 4TH
Bethesda Atoms batting - Pitching for Virginia Beach Deuces : RHP Wu-shiun Lao
Batting: RHB Héctor Amador 0-0: Ball
1-0: Ball
2-0: Foul Ball, location: 2F
2-1: Ball
3-1: Called Strike
3-2: Strikes out looking
Batting: RHB Jorge Cortéz 0-0: Called Strike
0-1: Foul Ball, location: 2F
0-2: Fly out, F8 (Flyball, 8LD)
Batting: SHB Pedro Ortega 0-0: Foul Ball, location: 2F
0-1: Foul Ball, location: 2F
0-2: Foul Ball, location: 2F
0-2: Foul Ball, location: 2F
0-2: Ball
1-2: Strikes out swinging
Top of the 4th over - 0 runs, 0 hits, 0 errors, 0 left on base; Bethesda 0 - Virginia Beach 0
BOTTOM OF THE 4TH
Virginia Beach Deuces batting - Pitching for Bethesda Atoms : LHP Manuel Ceja
Batting: RHB Jack Bonner 0-0: Foul Ball, location: 2F
0-1: Ground out 4-3 (Groundball, 4)
Batting: SHB Juan Perales 0-0: Ball
1-0: Swinging Strike
1-1: Called Strike
1-2: Ball
2-2: Strikes out swinging
Batting: RHB Robert Emmet Odlum 0-0: Swinging Strike
0-1: Called Strike
0-2: Ball
1-2: Strikes out swinging
Bottom of the 4th over - 0 runs, 0 hits, 0 errors, 0 left on base; Bethesda 0 - Virginia Beach 0
TOP OF THE 5TH
Bethesda Atoms batting - Pitching for Virginia Beach Deuces : RHP Wu-shiun Lao
Batting: LHB Rob Rodríguez 0-0: Called Strike
0-1: Ball
1-1: Swinging Strike
1-2: Ball
2-2: Strikes out looking
Batting: RHB Andrés López 0-0: Ball
1-0: Ball
2-0: Swinging Strike
2-1: Ground out 4-3 (Groundball, 4MD)
Batting: SHB Pat Sargent 0-0: Ball
1-0: Foul Ball, location: 2F
1-1: Foul Ball, location: 2F
1-2: Foul Ball, location: 2F
1-2: Ball
2-2: Ball
3-2: Foul Ball, location: 2F
3-2: Ground out 5-3 (Groundball, 56S)
Top of the 5th over - 0 runs, 0 hits, 0 errors, 0 left on base; Bethesda 0 - Virginia Beach 0
BOTTOM OF THE 5TH
Virginia Beach Deuces batting - Pitching for Bethesda Atoms : LHP Manuel Ceja
Batting: SHB Iikka Karpinen 0-0: Ball
1-0: SINGLE (Line Drive, 6MD)
Batting: RHB Jurg Dansen 0-0: Ball
1-0: Swinging Strike
1-1: Ball
2-1: Ball
3-1: Called Strike
3-2: Strikes out swinging
Iikka Karpinen steals 2nd base
Batter strikes out.
Batting: RHB Ricardo Rivera 0-0: Ball
Iikka Karpinen steals 3rd base
1-0: Foul Ball, location: 2F
1-1: Ground out 6-3 (Groundball, 6)
Batting: RHB Luis Díaz 0-0: Called Strike
0-1: Fly out, F8 (Flyball, 8LM)
Bottom of the 5th over - 0 runs, 1 hit, 0 errors, 1 left on base; Bethesda 0 - Virginia Beach 0
TOP OF THE 6TH
Bethesda Atoms batting - Pitching for Virginia Beach Deuces : RHP Wu-shiun Lao
Batting: RHB Diego Romero 0-0: Ball
1-0: Foul Ball, location: 2F
1-1: Called Strike
1-2: TRIPLE (Line Drive, 89XD)
Batting: RHB Maurice Tremain 0-0: Foul Ball, location: 2F
0-1: Ball
1-1: Ground out 4-3 (Groundball, 34)
Batting: RHB José Luna 0-0: Ball
1-0: Ball
2-0: Ball
3-0: Called Strike
3-1: Base on Balls
Batting: RHB Héctor Amador 0-0: Foul Ball, location: 2F
0-1: Ball
1-1: Called Strike
1-2: Ball
José Luna is caught stealing 2nd base
2-2: Ball
3-2: Base on Balls
Batting: RHB Jorge Cortéz 0-0: Ball
1-0: Fielders Choice at 2nd, 6-4 (Groundball, 6)
Top of the 6th over - 0 runs, 1 hit, 0 errors, 2 left on base; Bethesda 0 - Virginia Beach 0
BOTTOM OF THE 6TH
Virginia Beach Deuces batting - Pitching for Bethesda Atoms : LHP Manuel Ceja
Batting: RHB Alejandro Bracamonte 0-0: Called Strike
0-1: Called Strike
0-2: Ground out 5-3 (Groundball, 56S)
Batting: RHB James Hill 0-0: Fly out, F9 (Line Drive, 9)
Batting: RHB Jack Bonner 0-0: Ball
1-0: Fly out, F9 (Flyball, 9)
Bottom of the 6th over - 0 runs, 0 hits, 0 errors, 0 left on base; Bethesda 0 - Virginia Beach 0
TOP OF THE 7TH
Bethesda Atoms batting - Pitching for Virginia Beach Deuces : RHP Wu-shiun Lao
Batting: SHB Pedro Ortega 0-0: Ball
1-0: Ball
2-0: Foul Ball, location: 2F
2-1: Foul Ball, location: 2F
2-2: Hit by Pitch
Batting: LHB Rob Rodríguez 0-0: Ball
1-0: Ball
2-0: Ball
3-0: Base on Balls
Pedro Ortega to second
Batting: RHB Andrés López 0-0: Foul Ball, location: 2F
0-1: Fly out, F9 (Flyball, 9)
Batting: SHB Pat Sargent 0-0: Foul Ball, location: 2F
0-1: Swinging Strike
0-2: Strikes out looking
Batting: RHB Diego Romero 0-0: Fly out, F8 (Flyball, 8LD)
Top of the 7th over - 0 runs, 0 hits, 0 errors, 2 left on base; Bethesda 0 - Virginia Beach 0
BOTTOM OF THE 7TH
Virginia Beach Deuces batting - Pitching for Bethesda Atoms : LHP Manuel Ceja
Batting: SHB Juan Perales 0-0: Called Strike
0-1: Ball
1-1: Ball
2-1: Ground out 4-3 (Groundball, 4M)
Batting: RHB Robert Emmet Odlum 0-0: Called Strike
0-1: Ground out 4-3 (Groundball, 4)
Batting: SHB Iikka Karpinen 0-0: Called Strike
0-1: Ground out 5-3 (Groundball, 5L)
Bottom of the 7th over - 0 runs, 0 hits, 0 errors, 0 left on base; Bethesda 0 - Virginia Beach 0
TOP OF THE 8TH
Bethesda Atoms batting - Pitching for Virginia Beach Deuces : RHP Wu-shiun Lao
Pitching: LHP Tzu-hsia Ong
Batting: RHB Maurice Tremain 0-0: Ball
1-0: Called Strike
1-1: Ground out 3-1 (Groundball, 34S)
Batting: RHB José Luna 0-0: Ball
1-0: Fly out, F2 (Popup, 25F)
Pinch Hitting: RHB Chase Mooney 0-0: Ball
1-0: Called Strike
1-1: Ball
2-1: Called Strike
2-2: Ball
3-2: Base on Balls
Batting: RHB Jorge Cortéz 0-0: Ball
1-0: Swinging Strike
1-1: Ball
2-1: Ball
3-1: Base on Balls
Chase Mooney to second
Batting: SHB Pedro Ortega 0-0: Called Strike
0-1: Ball
1-1: Foul Ball, location: 2F
1-2: Strikes out swinging
Top of the 8th over - 0 runs, 0 hits, 0 errors, 2 left on base; Bethesda 0 - Virginia Beach 0
BOTTOM OF THE 8TH
Virginia Beach Deuces batting - Pitching for Bethesda Atoms : LHP Manuel Ceja
Now at 3B: Chase Mooney
Batting: RHB Jurg Dansen 0-0: Ball
1-0: Called Strike
1-1: Foul Ball, location: 2F
1-2: Strikes out swinging
Batting: RHB Ricardo Rivera 0-0: Ball
1-0: Ball
2-0: Ground out U3 (Groundball, 34)
Batting: RHB Luis Díaz 0-0: Ball
1-0: Ball
2-0: Ball
3-0: Called Strike
3-1: Base on Balls
Batting: RHB Alejandro Bracamonte 0-0: Called Strike
0-1: Swinging Strike
0-2: Foul Ball, location: 2F
0-2: Foul Ball, location: 2F
0-2: Foul Ball, location: 2F
0-2: Strikes out looking
Bottom of the 8th over - 0 runs, 0 hits, 0 errors, 1 left on base; Bethesda 0 - Virginia Beach 0
TOP OF THE 9TH
Bethesda Atoms batting - Pitching for Virginia Beach Deuces : LHP Tzu-hsia Ong
Pitching: LHP Urs Ehles
Batting: LHB Rob Rodríguez 0-0: Foul Ball, location: 2F
0-1: Ball
1-1: Called Strike
1-2: Ball
2-2: Ball
3-2: Ground out U3 (Groundball, 3)
Batting: RHB Andrés López 0-0: SINGLE (Line Drive, 6MD)
Pinch Runner at 1st Juan Camacho:
Batting: SHB Pat Sargent 0-0: Called Strike
0-1: Called Strike
0-2: Ball
Juan Camacho is caught stealing 2nd base
1-2: Strikes out swinging
Top of the 9th over - 0 runs, 1 hit, 0 errors, 0 left on base; Bethesda 0 - Virginia Beach 0
BOTTOM OF THE 9TH
Virginia Beach Deuces batting - Pitching for Bethesda Atoms : LHP Manuel Ceja
Now at C: Raúl Godines
Batting: RHB James Hill 0-0: Ball
1-0: Swinging Strike
1-1: SINGLE (Groundball, 56S) (infield hit)
Pinch Runner at 1st Leo Szilard:
Batting: RHB Jack Bonner 0-0: Called Strike
0-1: Ball
1-1: Foul Ball, location: 2F
1-2: Fly out, F7 (Flyball, 78D)
Runner from 1st tags up, SAFE at 2nd
Batting: SHB Juan Perales 0-0: Ball
1-0: Called Strike
Leo Szilard steals 3rd base
1-1: Intentional Walk
Batting: RHB Robert Emmet Odlum 0-0: Ball
1-0: Ball
2-0: Fielders Choice at home, 4-2 (Groundball, 4)
Juan Perales to second
Batting: SHB Iikka Karpinen 0-0: Ball
1-0: Fly out, F6 (Popup, 6S)
Bottom of the 9th over - 0 runs, 1 hit, 0 errors, 2 left on base; Bethesda 0 - Virginia Beach 0
TOP OF THE 10TH
Bethesda Atoms batting - Pitching for Virginia Beach Deuces : LHP Urs Ehles
Now at SS: Leo Szilard
Batting: RHB Diego Romero 0-0: Ball
1-0: Called Strike
1-1: Called Strike
1-2: Foul Ball, location: 2F
1-2: Ball
2-2: Foul Ball, location: 2F
2-2: Ball
3-2: Strikes out swinging
Batting: RHB Maurice Tremain 0-0: Foul Ball, location: 2F
0-1: Ball
1-1: DOUBLE (Flyball, 8LD)
Batting: RHB José Luna 0-0: Foul Ball, location: 2F
0-1: Ball
1-1: Ball
2-1: Foul Ball, location: 2F
2-2: Foul Ball, location: 2F
2-2: Foul Ball, location: 2F
2-2: Strikes out looking
Batting: RHB Chase Mooney 0-0: Foul Ball, location: 2F
0-1: Ball
1-1: Ground out 3-1 (Groundball, 34S)
Top of the 10th over - 0 runs, 1 hit, 0 errors, 1 left on base; Bethesda 0 - Virginia Beach 0
BOTTOM OF THE 10TH
Virginia Beach Deuces batting - Pitching for Bethesda Atoms : LHP Manuel Ceja
Pitching: RHP Mau Delgado
Batting: RHB Jurg Dansen 0-0: Ball
1-0: Called Strike
1-1: Foul Ball, location: 2F
1-2: Strikes out swinging
Pinch Hitting: LHB Félix González 0-0: Swinging Strike
0-1: DOUBLE (Flyball, 8LXD)
Batting: RHB Luis Díaz 0-0: Called Strike
0-1: Foul Ball, location: 2F
0-2: Ball
1-2: Ball
2-2: Foul Ball, location: 2F
2-2: Strikes out swinging
Batting: RHB Alejandro Bracamonte 0-0: Called Strike
0-1: Called Strike
0-2: Ball
1-2: Ball
2-2: Foul Ball, location: 2F
2-2: Foul Ball, location: 2F
2-2: Ball
3-2: Base on Balls
Batting: SHB Leo Szilard 0-0: Called Strike
0-1: SINGLE (Line Drive, 9S)
Félix González to third
Alejandro Bracamonte to second
Runner from 3rd tries for Home, SAFE, no throw
Tuesday, June 12th, 2018 - OOTP Baseball 18.8 Build 76